Map: [ESL] Royal Blood

Players

Clem - Winner!

  • Race: Terran Terran
  • League: Grandmaster
  • Spawn Location: 1:00

PtitDrogo

  • Race: Protoss Protoss
  • Spawn Location: 7:00

Event: HomeStory Cup XXIII

VOD

Have the link to the VOD?

Description

Time

  • Played on: July 1, 2023, 8:57 a.m.
  • Length: 6:58

All games in this series

Show
View Real Time Build Order
Export as new Build Order

Clem Terran - Winner!

Build Orders:  

Get SALT Encoding   

  12  0:00  SCV  
  13  0:12  SCV  
  14  0:17  Supply Depot  
  14  0:24  SCV  
  15  0:38  SCV  
  15  0:40  Barracks  
  16  0:43  Refinery  
  16  0:50  SCV  
  17  1:03  SCV  
  18  1:15  SCV  
  19  1:27  Marine  
  19  1:28  Orbital Command  
  20  1:39  Command Center  
  20  1:51  Factory  
  20  1:55  SCV  
  21  2:04  Barracks Reactor  
  21  2:05  Bunker  
  21  2:09  SCV  
  22  2:16  Supply Depot  
  22  2:21  SCV  
  23  2:25  Refinery  
  23  2:37  SCV  
  23  2:40  Starport  
  24  2:45  Hellion  
  24  2:48  Hellion  
  28  2:56  Orbital Command  
  29  2:58  SCV  
  29  3:06  Hellion  
  29  3:09  Hellion  
  33  3:14  SCV  
  33  3:16  Medivac  
  33  3:18  Marine  
  37  3:22  SCV  
  37  3:26  Supply Depot  
  38  3:29  SCV  
  40  3:34  SCV  
  41  3:41  SCV  
  41  3:42  Barracks  
  41  3:43  Factory Tech Lab  
  41  3:44  Marine  
  41  3:45  Marine  
  41  3:48  SCV  
  44  3:53  SCV  
  45  3:57  Supply Depot  
  45  4:00  SCV  
  45  4:02  Marine x2  
  46  4:03  Siege Tank  
  46  4:09  SCV  
  52  4:13  SCV  
  51  4:20  Marine x2  
  51  4:21  SCV, Engineering Bay  
  52  4:25  SCV  
  51  4:33  Barracks, SCV  
  51  4:37  SCV  
  51  4:38  Marine x2  
  53  4:45  SCV, Starport Reactor  
  51  4:46  Factory Tech Lab, Refinery, Supply Depot  
  51  4:47  Stimpack  
  51  4:51  Terran Infantry Weapons Level 1  
  51  4:52  SCV  
  53  4:53  Marine  
  53  4:56  Marine  
  53  4:58  SCV, Marine  
  57  5:02  Refinery, Supply Depot  
  57  5:05  SCV  
  58  5:10  SCV  
  58  5:11  Marine  
  58  5:14  Marine, Factory Reactor  
  61  5:16  Marine  
  61  5:18  SCV  
  63  5:22  SCV  
  63  5:26  Combat Shield  
  63  5:27  Marauder  
  63  5:28  Supply Depot  
  66  5:29  Marauder  
  66  5:30  SCV  
  66  5:31  Marine  
  66  5:34  Marine, Medivac  
  73  5:36  Medivac  
  73  5:40  Missile Turret  
  73  5:41  Missile Turret  
  75  5:48  Marine  
  76  5:51  SCV  
  76  5:52  SCV  
  76  5:55  Widow Mine x2  
  76  5:56  Marine x2  
  84  6:00  Marauder, Supply Depot  
  85  6:08  Supply Depot  
  85  6:15  Marine  
  86  6:21  Marine, Medivac x2  
  86  6:22  Marauder, Supply Depot  
  93  6:30  Widow Mine x2, Marauder  
  93  6:31  Supply Depot  
  99  6:37  Command Center  
  99  6:42  Supply Depot  
Show
View Real Time Build Order
Export as new Build Order

PtitDrogo Protoss 

Build Orders: 1 Gate Expand, Oracle Opening, Phoenix Opening 

Get SALT Encoding   

  12  0:00  Probe  
  13  0:12  Probe  
  14  0:16  Pylon  
  14  0:24  Probe (Chrono Boost)  
  15  0:36  Probe (Chrono Boost), Gateway  
  16  0:44  Probe (Chrono Boost)  
  16  0:46  Assimilator  
  17  0:51  Probe  
  18  1:03  Probe  
  19  1:15  Probe  
  20  1:22  Cybernetics Core  
  20  1:32  Nexus  
  20  1:39  Pylon  
  20  1:44  Probe  
  21  1:50  Assimilator  
  20  1:56  Stalker (Chrono Boost)  
  20  1:57  Probe  
  23  2:09  Probe  
  24  2:16  Adept (Chrono Boost)  
  24  2:21  Probe  
  27  2:26  Stargate  
  27  2:33  Probe (Chrono Boost)  
  27  2:36  Warp Gate  
  28  2:41  Gateway  
  28  2:44  Probe (Chrono Boost)  
  30  2:51  Probe (Chrono Boost)  
  30  2:54  Probe (Chrono Boost)  
  30  2:58  Probe (Chrono Boost)  
  32  3:00  Probe  
  33  3:08  Oracle (Chrono Boost)  
  33  3:09  Probe  
  38  3:12  Probe  
  38  3:21  Probe, Pylon  
  38  3:25  Probe  
  40  3:33  Probe  
  41  3:37  Phoenix (Chrono Boost)  
  43  3:44  Nexus  
  43  3:46  Probe  
  44  3:57  Pylon  
  44  3:58  Gateway  
  44  4:01  Oracle (Chrono Boost)  
  47  4:09  Probe  
  40  4:23  Stalker  
  42  4:28  Probe x2  
  44  4:31  Phoenix (Chrono Boost)  
  42  4:40  Probe x2  
  44  4:49  Pylon  
  44  4:51  Twilight Council  
  44  4:52  Probe (Chrono Boost)  
  46  4:54  Forge  
  46  4:55  Probe (Chrono Boost)  
  46  4:57  Probe (Chrono Boost)  
  47  5:04  Probe (Chrono Boost)  
  50  5:07  Probe (Chrono Boost)  
  50  5:09  Probe (Chrono Boost)  
  50  5:10  Probe (Chrono Boost)  
  50  5:14  Probe (Chrono Boost)  
  52  5:16  Probe (Chrono Boost)  
  54  5:22  Charge (Chrono Boost)  
  54  5:24  Probe (Chrono Boost)  
  54  5:27  Probe (Chrono Boost)  
  54  5:28  Probe (Chrono Boost)  
  56  5:32  Probe (Chrono Boost)  
  57  5:38  Probe, Gateway x2  
  59  5:42  Probe  
  59  5:53  Probe x2  
  59  5:55  Probe, Gateway  
  59  5:56  Gateway  
  62  5:58  Gateway  
  62  6:02  Gateway  
  62  6:05  Zealot  
  62  6:08  Pylon  
  64  6:11  Pylon  
  64  6:15  Templar Archives  
  64  6:17  Probe  
  64  6:18  Probe  
  66  6:20  Probe  
  66  6:23  Zealot  
  69  6:29  Probe  
  69  6:30  Probe  
  71  6:34  Zealot x3  
  76  6:40  Probe  
  76  6:41  Pylon  
  76  6:44  Zealot  
Tags
 
Add a new tag
Caveats
  • Supply blocks, unpowered buildings, or Contaminate may cause inaccurate times.
  • Supply counts are checked every 10 seconds.